 Dungeon Crawl Stone Soup version 0.30-a0-305-g026cb31310 (webtiles) character file.

Game seed: 2428906435679756230

44 Lanoc the Firebug (level 3, -1/26 HPs)
             Began as a Hill Orc Fire Elementalist on Oct 21, 2022.
             Was a Follower of Uskayaw.
             Slain by an iguana (7 damage)
             ... on level 4 of the Dungeon.
             The game lasted 00:03:31 (1928 turns).

Lanoc the Firebug (Hill Orc Fire Elementalist)      Turns: 1928, Time: 00:03:32

Health: -1/26      AC:  2    Str: 10    XL:     3   Next: 62%
Magic:  4/5        EV: 12    Int: 17    God:    Uskayaw [*.....]
Gold:   140        SH:  5    Dex: 11    Spells: 4/5 levels left

rFire   . . .      SeeInvis .    (no weapon)
rCold   . . .      Faith    .    (no shield)
rNeg    . . .      Spirit   .    a - +0 robe
rPois   .          Reflect  +    (no helmet)
rElec   .          Harm     .    (no cloak)
rCorr   .          Rampage  .    (no gloves)
Will    .....                    (no boots)
Stlth   ++........               e - amulet of reflection
HPRegen 0.24/turn                (no ring)
MPRegen 0.09/turn                (no ring)

@: flying
A: no striking features
a: Renounce Religion, Stomp


You were on level 4 of the Dungeon.
You worshipped Uskayaw.
Uskayaw was noncommittal.
You visited 1 branch of the dungeon, and saw 3 of its levels.

You collected 140 gold pieces.

Inventory:

Armour
 a - a +0 robe (worn)
Jewellery
 e - an amulet of reflection (around neck)
Scrolls
 c - a scroll of enchant weapon {unknown}
 g - a scroll of amnesia {unknown}
 h - a scroll of identify {unknown}
 i - a scroll of enchant armour {unknown}


   Skills:
 + Level 2.2 Dodging
 - Level 1.5 Stealth
 - Level 1.5 Spellcasting
 - Level 1.0 Conjurations
 * Level 4.5 Fire Magic


You had 4 spell levels left.
You knew the following spells:

 Your Spells              Type           Power      Damage    Failure   Level
d - Foxfire               Conj/Fire      40%        2x1d6     7%          1

Your spell library contained the following spells:

 Spells                   Type           Power      Damage    Failure   Level
 Scorch                   Fire           32%        2d7       4%          2
 Inner Flame              Hex/Fire       9%         N/A       24%         3
 Kindle Blastsparks       Fire/Tloc/Air  12%        2d11      32%         3
 Portal Projectile        Hex/Tloc       2%         N/A       52%         3
 Tukima's Dance           Hex            1%         N/A       52%         3
 Flame Wave               Conj/Fire      10%        2d6       54%         4
 Blade Hands              Tmut           0%         N/A       99%         5


Dungeon Overview and Level Annotations

Branches:
Dungeon (4/15)
 Temple: D:4-7

Altars:
Uskayaw


Message History

The iguana is heavily wounded.
You open the door.
Your magical contamination has completely faded away.
Casting: Foxfire (safe; 7% risk of failure)
Confirm with . or Enter, or press ? or * to list all spells.
You conjure some foxfire!
The iguana closely misses you.
You hit the iguana but do no damage.
The iguana is heavily wounded.
The foxfire hits the iguana.
The iguana is severely wounded.
The foxfire hits the iguana.
The iguana is severely wounded.
The iguana barely misses you.
You can now pass through a line of other dancers.
There is an open door here.
The iguana attacks as you move away! The iguana bites you.
The iguana attacks as you move away! The iguana misses you.
You can no longer pass through a line of other dancers.
The iguana attacks as you move away! The iguana misses you.
Casting: Foxfire (safe; 7% risk of failure)
Confirm with . or Enter, or press ? or * to list all spells.
You conjure some foxfire!
The iguana closely misses you.
You hit the iguana but do no damage.
The iguana is severely wounded.
The foxfire hits the iguana but does no damage.
The iguana is severely wounded.
The foxfire hits the iguana.
The iguana is severely wounded.
The iguana bites you! The iguana attacks as you move away!
The iguana closely misses you.
It was a potion of curing.
You feel better. You block the iguana's attack.
It was a potion of flight.
You feel very buoyant.
You fly up into the air.
The iguana bites you. Magic courses through your body. The iguana bites you!
* * * LOW HITPOINT WARNING * * *
Casting: Foxfire (safe; 7% risk of failure)
Confirm with . or Enter, or press ? or * to list all spells.
You conjure some foxfire!
The iguana bites you!
You die...

######
#......#....#
#......#....
#......#...#
#......#v..##
#.....#>@..#
#.....#.lv.#
#.....#....#
#.....'....#
#.....#...##
#.....#...##
##.....#....#
##
#......#....#
#..
#......#....#


You could see an iguana (ally target).

Vanquished Creatures
  2 worms (D:2)
  3 dart slugs (D:2)
  An orc (D:4)
  2 ball pythons
  5 endoplasms
  3 giant cockroaches (D:1)
  2 goblins (D:1)
  A hobgoblin (D:2)
  A quokka (D:1)
  A bat (D:1)
  3 frilled lizards
  6 kobolds
  A rat (D:1)
31 creatures vanquished.

Vanquished Creatures (others)
  150 foxfires
150 creatures vanquished.

Grand Total: 181 creatures vanquished

Notes
Turn   | Place    | Note
-------+----------+-------------------------------------------
     0 | D:1      | Lanoc the Hill Orc Fire Elementalist began the quest for
                  | the Orb.
     0 | D:1      | Reached XP level 1. HP: 14/14 MP: 3/3
   275 | D:1      | Reached XP level 2. HP: 20/20 MP: 1/4
   726 | D:1      | Reached skill level 4 in Fire Magic
  1277 | D:2      | Found a hide-covered altar of Uskayaw.
  1287 | D:2      | Became a worshipper of Uskayaw the Reveller
  1308 | D:2      | Reached * piety under Uskayaw
  1352 | D:2      | Reached XP level 3. HP: 22/26 MP: 1/5
  1642 | D:2      | Reached ** piety under Uskayaw
  1815 | D:2      | You fall into a shaft and drop 2 floors!
  1928 | D:4      | Slain by an iguana

Illustrated notes

Levels and vault maps discovered:
D:1:      lightli_arrival_statue_moat, layout_basic, minmay_pentomino_p4
D:2:      layout_loops_ring, basic_altar, uniq_crazy_yiuf_cottage
D:4:      layout_gridville, corner_web_ring

Skill      XL: |  1  2 |
---------------+-------+-----
Fire Magic     | 4 |  4.5
Dodging        | 2 |  2.2
Stealth        | |  1.5
Spellcasting   | |  1.5
Conjurations   | |  1.0

Action                   || total
-------------------------++-------
Melee: Unarmed           ||    17
 Cast: Foxfire           ||    92
  Use: Potion            ||     3
Armor: Robe              ||     2
Dodge: Dodged            ||    14
Block: Other             ||     7
       Reflection        ||     1

Table legend: (Time is in decaauts)
 A = Elapsed time spent in this place.
 B = Non-inter-level travel time spent in this place.
 C = Inter-level travel time spent in this place.
 D = Time resting spent in this place.
 E = Time spent auto-exploring this place.
 F = Levels seen in this place.
 G = Mean time per level.
                   A        B        C        D        E       F      G
               +--------+--------+--------+--------+--------+-----+--------+
         Total |   1927 |   1914 |     13 |      0 |   1623 |   3 |  642.3 |
       Dungeon |   1927 |   1914 |     13 |      0 |   1623 |   3 |  642.3 |
               +--------+--------+--------+--------+--------+-----+--------+

Top non-repeatable levels by time:
     D:1: 1163 daAuts
     D:2: 651 daAuts
     D:4: 112 daAuts
